 Dungeon Crawl Stone Soup version 0.14-a0-30-gf0b6e91 (webtiles) character file.

166 Malachi the Chiller (level 4, -2/33 HPs)
             Began as a Ghoul Ice Elementalist on Sept 27, 2013.
             Slain by an orc wizard
             ... wielding a -1,+1 orcish dagger
              (3 damage)
             ... on Level 3 of the Dungeon.
             The game lasted 00:08:31 (1478 turns).

Malachi the Chiller (Ghoul Ice Elementalist)        Turns: 1478, Time: 00:08:31

HP  -2/33        AC  5     Str 11      XL: 4   Next:  6%
MP   1/6         EV 12     Int 11      God:
Gold 106         SH  0     Dex  9      Spells:  1 memorised,  5 levels left

Res.Fire  : . . .   See Invis. : .   (no weapon)
Res.Cold  : + . .   Warding    : .   a - +0 robe
Life Prot.: + + +   Conserve   : .   (no shield)
Res.Poison: +       Res.Corr.  : .   (no helmet)
Res.Elec. : .       Clarity    : .   f - +2 cloak {darkness}
Sust.Abil.: . .     Spirit.Shd : .   (no gloves)
Res.Mut.  : .       Stasis     : .   (no boots)
Res.Rott. : +       Flight     : .   d - amulet of the gourmand
Gourmand  : +                        (no ring)
                                     y - ring of sustenance

@: rotting, slightly resistant to hostile enchantments, fairly stealthy
A: rotting body, claws 1, carnivore 3, cold resistance 1, life protection 3,
poison resistance, saprovore 3, slow healing 1, torment resistance, unbreathing
a: Evoke Invisibility


You were on level 3 of the Dungeon.
You were not hungry.

You visited 1 branch of the dungeon, and saw 3 of its levels.

You collected 86 gold pieces.

Inventory:

Hand weapons
 l - a +1,+2 sling of evasion
Missiles
 p - 11 poisoned sling bullets
 s - 35 stones (quivered)
Armour
 a - a +0 robe (worn)
 f - a +2 cloak of darkness (worn)
Comestibles
 h - 2 meat rations
Scrolls
 c - a scroll of curse jewellery {unknown}
 e - 5 scrolls of remove curse {unknown}
 n - 4 scrolls of fog {unknown}
 q - a scroll of curse armour {unknown}
 u - a scroll of fear {unknown}
 x - a scroll of random uselessness {unknown}
Jewellery
 d - an amulet of the gourmand (around neck)
 y - a ring of sustenance (left claw)
Potions
 g - a potion of restore abilities
 i - a potion of curing
 k - 5 potions of heal wounds
 m - 2 potions of paralysis {unknown}
 o - 2 potions of resistance {unknown}
Books
 b - a book of Frost

   Spells                             Type                      Level
   *Freeze                            Ice                          1
   Throw Frost                        Conjuration/Ice              2
   Ozocubu's Armour                   Charms/Ice                   3
   Throw Icicle                       Conjuration/Ice              4
   Summon Ice Beast                   Ice/Summoning                4
   Condensation Shield                Ice                          4
Magical staves
 t - an uncursed staff of fire


   Skills:
 + Level 2.3 Dodging
 + Level 2.4 Stealth
 + Level 0.2 Unarmed Combat
 + Level 1.8 Spellcasting
   Level 0.7 Conjurations
 * Level 4.1 Ice Magic


You had 5 spell levels left.
You knew the following spells:

 Your Spells              Type           Power        Failure   Level  Hunger
a - Freeze                Ice            ##..         6%          1    ##.....


Dungeon Overview and Level Annotations

Branches:
Dungeon (3/27)

Altars:
Zin


Innate Abilities, Weirdness & Mutations

Your body is rotting away.
You have sharp fingernails.
You are carnivorous and can eat meat at any time.
Your flesh is cold resistant.
You are immune to negative energy.
Your system is resistant to poisons.
You thrive on rotten meat.
You heal slowly.
You are immune to unholy pain and torment.
You can survive without breathing.


Message History

The orc wizard hits you with an orcish dagger.
* * * LOW HITPOINT WARNING * * *
You closely miss the orc wizard.
The orc wizard is moderately wounded.
The orc wizard hits you but does no damage.
You hit the orc wizard but do no damage.
The orc wizard is moderately wounded.
The orc wizard hits you with an orcish dagger.
* * * LOW HITPOINT WARNING * * *
You barely miss the orc wizard.
The orc wizard is moderately wounded.
The orc wizard hits you but does no damage.
You closely miss the orc wizard.
The orc wizard is moderately wounded.
The orc wizard barely misses you.
You hit the orc wizard.
The orc wizard begins to bleed from its wounds!
The orc wizard is heavily wounded.
The orc wizard hits you with an orcish dagger.
You die...

.........#
#.##.#
#........#
#.##.#
#........#
#. #.#
#.##..##.#
#.#
#.##..##.#
#.# .......
.. #.#
#.##..# #!#
#.# #.# .
#@# #o# .o.
.....
.......
.........
...........
.........
...


You could see an orc wizard (bleeding) and an orc.

Vanquished Creatures
  2 adders (D:2)
  3 giant geckos
  An ooze (D:3)
  An orc (D:3)
  6 bats
  3 goblins
  5 hobgoblins
  6 kobolds (D:1)
  A giant cockroach (D:2)
  2 giant newts (D:2)
  7 rats
37 creatures vanquished.

Notes
Turn   | Place    | Note
--------------------------------------------------------------
     0 | D:1      | Malachi, the Ghoul Ice Elementalist, began the quest for the Orb.
     0 | D:1      | Reached XP level 1. HP: 14/14 MP: 3/3
   189 | D:1      | Reached XP level 2. HP: 12/20 MP: 0/4
   842 | D:2      | Reached XP level 3. HP: 24/26 MP: 0/6
   894 | D:2      | Reached skill level 4 in Ice Magic
  1357 | D:3      | Found a glowing silver altar of Zin.
  1357 | D:3      | Noticed an angel
  1444 | D:3      | Reached XP level 4. HP: 25/33 MP: 0/6
  1475 | D:3      | HP: 1/33 [orc wizard/orcish dagger (4)]
  1478 | D:3      | Slain by an orc wizard

Action                   |  1- 3 |  4- 6 || total
-------------------------+-------+-------++-------
Melee: Unarmed           |    53 |    11 ||    64
       Staff             |    18 |     3 ||    21
 Cast: Freeze            |    54 |     2 ||    56
  Use: Scroll            |     3 |       ||     3
